[Event "Titled Tuesday Blitz June 8 2021"]
[White "Stoleriu, George"]
[Black "Chernomordik, Pavel"]
[WhiteFideId "1227505"]
[BlackFideId "2804530"]
[WhiteElo "2227"]
[BlackElo "2299"]
[Result "0-1"]
[Round "08"]
[TimeControl "180+1"]
[Date "2021.06.08"]
[WhiteClock "0:01:19"]
[BlackClock "0:01:41"]

1. e4 g6 2. d4 Bg7 3. Nc3 d6 4. Be3 a6 5. Qd2 b5 6. Bd3 Bb7 7. f3 Nd7 8. Nce2 c5 9. c3 Qc7 10. h4 h6 11. h5 g5 12. Nh3 e6 13. O-O Ne7 14. g4 Rf8 15. f4 gxf4 16. Bxf4 e5 17. Bxh6 Bxh6 18. Qxh6 O-O-O 19. d5 c4 20. Bc2 Rg8 21. Nf2 f5 22. exf5 Nxd5 23. Rad1 N7f6 24. g5 Rh8 25. Qg6 Rdg8 26. gxf6 Rxg6+ 27. hxg6 Nxf6 28. Ng3 Qc5 29. Rde1 Bf3 30. Re3 Qxe3 0-1


[Site "https://www.chess.com"]

[Event "Titled Tuesday Blitz June 8 2021"]
[White "Svane, Rasmus"]
[Black "Tabatabaei, M. Amin"]
[WhiteFideId "4657101"]
[BlackFideId "12521213"]
[WhiteElo "2669"]
[BlackElo "2555"]
[Result "0-1"]
[Round "08"]
[TimeControl "180+1"]
[Date "2021.06.08"]
[WhiteClock "0:00:02"]
[BlackClock "0:00:17"]

1. Nf3 f5 2. d3 d6 3. e4 Nc6 4. exf5 Bxf5 5. d4 e6 6. Bb5 a6 7. Ba4 b5 8. Bb3 Na5 9. O-O Be7 10. Re1 Qd7 11. Nh4 Bxh4 12. Qh5+ Qf7 13. Qxh4 Nf6 14. Bg5 O-O 15. Bxf6 Qxf6 16. Qxf6 Rxf6 17. Nd2 Nxb3 18. cxb3 a5 19. Rac1 Ra7 20. a3 Kf8 21. f3 Ke7 22. Kf2 Kd7 23. h4 h6 24. Kg3 Ra6 25. Ne4 Bxe4 26. fxe4 Rc6 27. Rxc6 Kxc6 28. Rc1+ Kb6 29. Rd1 h5 30. Re1 e5 31. dxe5 dxe5 32. Re2 c6 33. Rf2 Rd6 34. Rf7 Rd3+ 35. Kh2 Rxb3 36. Rxg7 Rxb2 37. Rg5 b4 38. axb4 axb4 39. Rxh5 b3 40. Rxe5 Rd2 41. Re8 Kc7 42. Rf8 b2 43. Rf7+ Kb6 44. Rf8 Kc7 45. Rf7+ Rd7 46. Rf1 c5 47. Rb1 Rd2 48. h5 c4 49. h6 c3 50. h7 Rd8 51. e5 c2 52. Rxb2 c1=Q 53. Rb4 Qh6+ 54. Kg1 0-1


[Site "https://www.chess.com"]

[Event "Titled Tuesday Blitz June 8 2021"]
[White "Trent, Lawrence"]
[Black "Shahade, Gregory"]
[WhiteFideId "408638"]
[BlackFideId "2009064"]
[WhiteElo "2474"]
[BlackElo "2707"]
[Result "1-0"]
[Round "08"]
[TimeControl "180+1"]
[Date "2021.06.08"]
[WhiteClock "0:00:05"]
[BlackClock "0:00:02"]

1. e4 e5 2. Nf3 Nc6 3. c3 d5 4. d3 Nf6 5. Nbd2 a5 6. a4 Be7 7. Be2 O-O 8. O-O dxe4 9. dxe4 Nd7 10. Qc2 Nc5 11. Nc4 Be6 12. Be3 f6 13. Nh4 Qe8 14. Nf5 Qf7 15. b3 Rfd8 16. f4 exf4 17. Bxf4 Bf8 18. Bg3 Kh8 19. Rad1 Rxd1 20. Rxd1 Re8 21. Nd4 Bd7 22. Bf3 b6 23. Nb5 Ne6 24. Nxc7 Nxc7 25. Bxc7 Be6 26. Bxb6 Bxc4 27. bxc4 Qxc4 28. Qd3 Bc5+ 29. Bxc5 Qxc5+ 30. Kh1 Ne5 31. Qb5 Qc8 32. Rf1 Qd8 33. Be2 h6 34. c4 Re7 35. c5 Qc7 36. Qb6 Qc8 37. Qxa5 Rc7 38. Rc1 Rc6 39. Qb4 Rc7 40. h3 Ng6 41. Bg4 Qd8 42. c6 Ne5 43. Bf5 g6 44. Be6 Kg7 45. Bd5 h5 46. a5 Qa8 47. Qb6 Ra7 48. c7 Qc8 49. Qxa7 Nf3 50. Qb8 Qa6 51. c8=Q Qe2 52. Qf8+ Kh7 53. Qc7# 1-0


[Site "https://www.chess.com"]

[Event "Titled Tuesday Blitz June 8 2021"]
[White "Tsyhanchuk_Stanislav"]
[Black "Nevednichy, Vladislav"]
[BlackFideId "1205730"]
[WhiteElo "2513"]
[BlackElo "2374"]
[Result "1/2-1/2"]
[Round "08"]
[TimeControl "180+1"]
[Date "2021.06.08"]
[WhiteClock "0:00:09"]
[BlackClock "0:00:29"]

1. e4 c5 2. Nf3 e6 3. d4 cxd4 4. Nxd4 a6 5. Bd3 Bc5 6. Be3 d6 7. O-O Ne7 8. c3 O-O 9. Nd2 e5 10. Nc2 Nd7 11. a4 Ng6 12. g3 Nf6 13. Bxc5 dxc5 14. Nc4 Bg4 15. f3 Be6 16. N2e3 Qc7 17. a5 Rad8 18. Qe2 Rd7 19. Nb6 Rdd8 20. Nbc4 Ne7 21. Rfd1 Nc6 22. Kg2 g6 23. h4 Kg7 24. Qc2 Rd7 25. Nb6 Rdd8 26. Qa4 h6 27. Bc4 Bxc4 28. Nbxc4 Rxd1 29. Rxd1 Rd8 30. Rxd8 Qxd8 31. Qd1 Qxd1 32. Nxd1 h5 33. Nf2 Nd7 34. Nd3 Kf6 35. f4 exf4 36. gxf4 Ke6 37. Kf3 f5 38. exf5+ gxf5 39. Ke3 Kd5 40. b3 Ke6 41. b4 cxb4 42. cxb4 Ne7 43. Kd4 Ng6 44. Nce5 Nxh4 45. Nxd7 Kxd7 46. Nc5+ Kc6 47. Ke5 Kb5 48. Nxb7 Kxb4 49. Kf6 Ng2 50. Kxf5 h4 51. Kg4 h3 52. Kxh3 Nxf4+ 53. Kg3 Ne6 54. Kf3 Kb5 55. Nd6+ Kxa5 56. Ke3 Kb4 57. Nb7 Kb5 58. Nd6+ Kc5 59. Nb7+ Kb6 60. Nd6 Kc6 61. Nc4 Nc5 62. Kd4 Nb7 63. Kc3 Kb5 64. Na3+ Ka4 65. Nc4 Nc5 66. Nd6 Ne6 67. Kb2 Kb4 68. Nf7 Nc5 69. Ne5 Na4+ 70. Ka1 Kc5 71. Nd3+ Kc4 72. Nb2+ Nxb2 73. Kxb2 Kb4 74. Ka2 a5 75. Ka1 a4 76. Ka2 a3 77. Ka1 Ka4 78. Ka2 Kb4 79. Ka1 Kc3 80. Ka2 Kc2 81. Kxa3 1/2-1/2


[Site "https://www.chess.com"]

[Event "Titled Tuesday Blitz June 8 2021"]
[White "Vazquez, Facundo"]
[Black "Guliev, Logman"]
[WhiteFideId "3007669"]
[BlackFideId "13400061"]
[WhiteElo "1984"]
[BlackElo "2128"]
[Result "1-0"]
[Round "08"]
[TimeControl "180+1"]
[Date "2021.06.08"]
[WhiteClock "0:00:06"]
[BlackClock "0:00:02"]

1. d4 Nf6 2. c4 g6 3. Nc3 Bg7 4. g3 d6 5. Bg2 O-O 6. Nf3 Nc6 7. O-O a6 8. h3 Bd7 9. e4 e5 10. d5 Ne7 11. Ne1 h6 12. Nd3 Nh7 13. c5 f5 14. Rb1 g5 15. exf5 Nxf5 16. b4 Nd4 17. Be3 Bf5 18. Ne4 Nf6 19. Bxd4 Bxe4 20. Bxe4 Nxe4 21. Be3 Nc3 22. Qg4 Nxb1 23. Rxb1 Qf6 24. Rc1 Qf5 25. Qxf5 Rxf5 26. Nb2 Bf8 27. Nc4 Rd8 28. g4 Rf7 29. Na5 Rb8 30. c6 bxc6 31. Nxc6 Ra8 32. Rc3 Bg7 33. Ra3 Rff8 34. Ra5 e4 35. Kg2 Rfe8 36. Ra3 Kf7 37. Ba7 Bf6 38. Ra5 Kg6 39. b5 axb5 40. Rxb5 Rf8 41. Rb7 Rf7 42. a4 h5 43. a5 hxg4 44. hxg4 Rh7 45. Rb8 Rh8 46. Rxa8 Rxa8 47. Bb8 Be5 48. Bxc7 Kf6 49. Bb6 Bf4 50. Kf1 Kf7 51. Ke2 Ke8 52. Nd4 Kd7 53. Ne6 Kc8 54. f3 Kb7 55. fxe4 Rh8 56. Nxf4 gxf4 57. Kf3 Rf8 58. g5 Kc8 59. Bd4 Kd7 60. Bf6 Ra8 61. Kxf4 Rxa5 62. g6 Ke8 63. Kf5 Kf8 64. Ke6 Ra4 65. e5 dxe5 66. Bxe5 Ra6+ 67. d6 Rb6 68. Kd5 Rb7 69. Kc6 Ra7 70. d7 1-0


[Site "https://www.chess.com"]

[Event "Titled Tuesday Blitz June 8 2021"]
[White "Vetokhin, Savva"]
[Black "Shipov, Sergei"]
[WhiteFideId "44144474"]
[BlackFideId "4113624"]
[WhiteElo "2185"]
[BlackElo "2769"]
[Result "1/2-1/2"]
[Round "08"]
[TimeControl "180+1"]
[Date "2021.06.08"]
[WhiteClock "0:01:25"]
[BlackClock "0:01:02"]

1. Nf3 d5 2. g3 c6 3. Bg2 Bg4 4. O-O Nd7 5. c4 Bxf3 6. Bxf3 Ne5 7. Qb3 Nxf3+ 8. Qxf3 dxc4 9. Na3 Qd5 10. e4 Qd3 11. Kg2 Nf6 12. Re1 e6 13. Re3 Qd4 14. Nc2 Qd7 15. b3 cxb3 16. Rxb3 Be7 17. d4 O-O 18. Rab1 b5 19. Be3 a6 20. Rc3 Rfc8 21. Ne1 Qb7 22. Nd3 c5 23. dxc5 Qxe4 24. c6 Qxf3+ 25. Kxf3 Nd5 26. Rc2 Rc7 27. a4 b4 28. Bf4 Nxf4 29. Kxf4 a5 30. Rc4 Rac8 31. Rbc1 Kf8 32. R1c2 b3 33. R2c3 Bd6+ 34. Ke3 Ke7 35. Rxb3 Rxc6 36. Rxc6 Rxc6 37. Rb5 Bc7 38. Ne5 Rc3+ 39. Kd2 Bxe5 40. Rxe5 Ra3 41. Rxa5 1/2-1/2


[Site "https://www.chess.com"]

[Event "Titled Tuesday Blitz June 8 2021"]
[White "Vidit, Santosh Gujrathi"]
[Black "Gavrilescu, David"]
[WhiteFideId "5029465"]
[BlackFideId "1227190"]
[WhiteElo "2735"]
[BlackElo "2370"]
[Result "1/2-1/2"]
[Round "08"]
[TimeControl "180+1"]
[Date "2021.06.08"]
[WhiteClock "0:00:15"]
[BlackClock "0:00:19"]

1. d4 d5 2. c4 e6 3. Nf3 Nf6 4. g3 dxc4 5. Bg2 a6 6. O-O Nc6 7. Be3 Nd5 8. Qc1 Nxe3 9. fxe3 Be7 10. Qxc4 O-O 11. Nbd2 Nb4 12. e4 b5 13. Qc3 Bb7 14. a3 Nc6 15. e3 Rc8 16. b4 Nb8 17. Ne5 Nd7 18. Nxd7 Qxd7 19. Nb3 f5 20. e5 Bxg2 21. Kxg2 Qd5+ 22. Kg1 c6 23. Rac1 Rc7 24. Na5 Rfc8 25. Qb3 h5 26. Rc3 Kf7 27. Rfc1 Bd8 28. Qc2 h4 29. Nxc6 Bg5 30. Qg2 Bxe3+ 31. Rxe3 Rxc6 32. Rxc6 Qxg2+ 33. Kxg2 Rxc6 34. gxh4 Rc2+ 35. Kg3 Rd2 36. Rc3 Rxd4 37. Rc7+ Kg6 38. Rc6 Rd3+ 39. Kf4 Rd4+ 40. Kf3 Rd3+ 41. Kf4 Rd4+ 42. Kf3 Rd3+ 43. Kf4 1/2-1/2


[Site "https://www.chess.com"]

[Event "Titled Tuesday Blitz June 8 2021"]
[White "Vignesh, N R"]
[Black "SpeedofLight0"]
[WhiteFideId "25012215"]
[WhiteElo "2401"]
[BlackElo "2795"]
[Result "1-0"]
[Round "08"]
[TimeControl "180+1"]
[Date "2021.06.08"]
[WhiteClock "0:00:54"]
[BlackClock "0:00:02"]

1. d4 Nf6 2. Nf3 d5 3. Bf4 c5 4. e3 Nc6 5. Nbd2 cxd4 6. exd4 a6 7. c3 Bf5 8. Be2 e6 9. O-O Bd6 10. Bg3 O-O 11. Re1 Bxg3 12. hxg3 b5 13. Ne5 Nxe5 14. dxe5 Ne4 15. Nb3 Qb6 16. Nd4 Bg6 17. a3 Rfc8 18. Bd3 Qc7 19. Qe2 Rab8 20. a4 b4 21. Bxa6 bxc3 22. Nb5 Qxe5 23. Bxc8 cxb2 24. Rab1 Rxc8 25. Qxb2 Qh5 26. Rbc1 Rf8 27. a5 Nf6 28. f3 Qg5 29. Qf2 d4 30. Nxd4 Qxa5 31. Nc6 Qa8 32. Qc5 Re8 33. Ra1 Qb7 34. Ra7 Qb2 35. Ne7+ Kh8 36. Nxg6+ fxg6 37. Re7 Rxe7 38. Qxe7 Qb8 39. Qxe6 Qxg3 40. Qc8+ Ng8 41. Re8 h6 42. Rxg8+ 1-0


[Site "https://www.chess.com"]

[Event "Titled Tuesday Blitz June 8 2021"]
[White "Yilmaz, Mustafa"]
[Black "Aradhya, Garg"]
[WhiteFideId "6302718"]
[BlackFideId "25006746"]
[WhiteElo "2518"]
[BlackElo "2146"]
[Result "1-0"]
[Round "08"]
[TimeControl "180+1"]
[Date "2021.06.08"]
[WhiteClock "0:00:14"]
[BlackClock "0:00:04"]

1. d4 d5 2. c4 c6 3. Nc3 Nf6 4. e3 Bf5 5. cxd5 cxd5 6. Qb3 Nc6 7. Qxb7 Bd7 8. Qb3 Rb8 9. Qd1 e5 10. dxe5 Nxe5 11. Nge2 Bc5 12. Nd4 O-O 13. Be2 h5 14. O-O h4 15. b3 h3 16. g3 Ne4 17. Bb2 Re8 18. Nxd5 Bc8 19. Nf4 Ng5 20. Rc1 Bb6 21. f3 Bb7 22. Kh1 Bxd4 23. Bxd4 Nexf3 24. Rxf3 Qa5 25. Kg1 Bxf3 26. Bxf3 Nxf3+ 27. Qxf3 Qf5 28. g4 Qg5 29. Nxh3 Qh6 30. Rf1 Re7 31. Nf4 Rbe8 32. Qg2 Qg5 33. Qg3 Qb5 34. Rf2 Qb4 35. Kg2 Qe1 36. Qf3 Qb1 37. Nh5 Qe4 38. Nxg7 Qxf3+ 39. Kxf3 Rd7 40. Nf5 Kf8 41. Rc2 Kg8 42. Rc6 f6 43. Rxf6 Rf7 44. Nh6+ 1-0


[Site "https://www.chess.com"]

[Event "Titled Tuesday Blitz June 8 2021"]
[White "Zubov, Alexander"]
[Black "Sanal, Vahap"]
[WhiteFideId "14109409"]
[BlackFideId "6300545"]
[WhiteElo "2740"]
[BlackElo "2507"]
[Result "0-1"]
[Round "08"]
[TimeControl "180+1"]
[Date "2021.06.08"]
[WhiteClock "0:00:01"]
[BlackClock "0:00:37"]

1. d4 Nf6 2. c4 e6 3. Nf3 d5 4. e3 Be7 5. b3 O-O 6. Bb2 c5 7. Bd3 cxd4 8. exd4 b6 9. O-O Bb7 10. Qe2 Nbd7 11. Nc3 Rc8 12. Rac1 Bd6 13. Ne5 Bb8 14. Ba3 Re8 15. Nb5 Nf8 16. Qe3 a6 17. Nc3 Ng6 18. f4 Ne7 19. Rfd1 Nf5 20. Qf2 dxc4 21. Bxf5 exf5 22. bxc4 Ng4 23. Nxg4 fxg4 24. c5 bxc5 25. Bxc5 Qf6 26. Rf1 a5 27. Qg3 h5 28. Rb1 Ba8 29. Rbc1 g5 30. fxg5 Qxf1+ 31. Kxf1 Bxg3 32. hxg3 Re3 33. Kf2 Rd3 34. a4 Rd2+ 35. Ke3 Rxg2 36. Kf4 Rf2+ 37. Ke5 Rf3 38. Nb5 Rxg3 39. Nd6 Re3+ 40. Kf4 Rf3+ 41. Ke5 Rd8 42. Bb6 Re3+ 43. Kf4 Rxd6 44. Rc8+ Kg7 0-1


[Site "https://www.chess.com"]

[Event "Titled Tuesday Blitz June 8 2021"]
[White "elcandado"]
[Black "Erden, Kadir"]
[BlackFideId "6305776"]
[WhiteElo "2635"]
[BlackElo "2218"]
[Result "1-0"]
[Round "08"]
[TimeControl "180+1"]
[Date "2021.06.08"]
[WhiteClock "0:02:21"]
[BlackClock "0:01:51"]

1. d4 d5 2. Bf4 Nf6 3. e3 e6 4. Nd2 Bd6 5. Bg3 b6 6. Bb5+ c6 7. Bd3 Ba6 8. Ngf3 O-O 9. O-O c5 10. Bxa6 Nxa6 11. c3 Qc7 12. Ne5 Qb7 13. f4 Nc7 14. f5 cxd4 15. exd4 b5 16. Bh4 Ne4 17. f6 gxf6 18. Nxe4 dxe4 19. Bxf6 1-0


[Site "https://www.chess.com"]

[Event "Titled Tuesday Blitz June 8 2021"]
[White "Andreikin, Dmitry"]
[Black "Tsydypov, Zhamsaran"]
[WhiteFideId "4158814"]
[BlackFideId "4108566"]
[WhiteElo "2782"]
[BlackElo "2645"]
[Result "1-0"]
[Round "09"]
[TimeControl "180+1"]
[Date "2021.06.08"]
[WhiteClock "0:00:20"]
[BlackClock "0:00:41"]

1. e4 c5 2. Nf3 d6 3. d4 cxd4 4. Nxd4 Nf6 5. Nc3 a6 6. a4 g6 7. Be2 Bg7 8. O-O O-O 9. Be3 Nc6 10. Qd2 Bd7 11. Rfd1 Rc8 12. Nxc6 Bxc6 13. f3 Nd7 14. a5 Nc5 15. Kh1 Qc7 16. Ra3 Rfd8 17. Bd4 Bxd4 18. Qxd4 e5 19. Qd2 Ne6 20. Bc4 Nd4 21. b3 Kg7 22. Raa1 Qe7 23. Qf2 f5 24. exf5 gxf5 25. Ne2 Nxe2 26. Bxe2 Kh8 27. c4 Rg8 28. b4 Rg6 29. b5 Bd7 30. Rab1 Rcg8 31. Bf1 Bc8 32. bxa6 bxa6 33. Rb6 Rh6 34. c5 Rgg6 35. cxd6 Rxd6 36. Rdxd6 Rxd6 37. Qc5 Rd1 38. Qxc8+ Kg7 39. Kg1 1-0


[Site "https://www.chess.com"]

[Event "Titled Tuesday Blitz June 8 2021"]
[White "Bologan, Victor"]
[Black "Siva Mahadevan"]
[WhiteFideId "13900048"]
[BlackFideId "25043153"]
[WhiteElo "2511"]
[BlackElo "2203"]
[Result "0-1"]
[Round "09"]
[TimeControl "180+1"]
[Date "2021.06.08"]
[WhiteClock "0:00:31"]
[BlackClock "0:00:31"]

1. e4 c5 2. Nf3 Nc6 3. Bb5 Na5 4. O-O a6 5. Be2 b5 6. a4 b4 7. c3 Bb7 8. e5 e6 9. d4 cxd4 10. Nxd4 Ne7 11. cxb4 Nac6 12. b5 Nxe5 13. bxa6 Bxa6 14. Nc3 N7c6 15. Bxa6 Rxa6 16. Ndb5 d5 17. f4 Nc4 18. f5 Bc5+ 19. Kh1 O-O 20. Qg4 N6e5 21. Qh3 exf5 22. Rxf5 Re8 23. Bf4 Rae6 24. Rf1 Ng6 25. Bg3 Ne3 26. Nc7 Nxf5 27. Qxf5 Rf6 28. Qb1 Rxf1+ 29. Qxf1 Re7 30. N7xd5 Rd7 31. Qc4 Bd6 32. Bxd6 Rxd6 33. b4 h5 34. b5 Ne7 35. Nxe7+ Qxe7 36. Qc8+ Kh7 37. Qf5+ g6 38. Qf1 Rf6 39. Qg1 Qa3 40. Ne4 Rf4 41. Ng5+ Kh6 42. g3 Rf5 43. Ne4 Qf3+ 44. Qg2 Qd1+ 45. Qg1 Rf1 0-1


[Site "https://www.chess.com"]

[Event "Titled Tuesday Blitz June 8 2021"]
[White "Donchenko, Alexander"]
[Black "Espinosa Veloz, Ermes"]
[WhiteFideId "24603295"]
[BlackFideId "3507424"]
[WhiteElo "2553"]
[BlackElo "2333"]
[Result "1-0"]
[Round "09"]
[TimeControl "180+1"]
[Date "2021.06.08"]
[WhiteClock "0:00:37"]
[BlackClock "0:00:15"]

1. e4 e6 2. d4 d5 3. Nc3 Nf6 4. e5 Nfd7 5. f4 c5 6. Nf3 Nc6 7. Be3 Be7 8. Qd2 a6 9. a3 O-O 10. dxc5 Nxc5 11. h4 b5 12. h5 Qc7 13. h6 g6 14. Nd4 Bd7 15. Be2 Rab8 16. b4 Ne4 17. Nxe4 dxe4 18. O-O Rbd8 19. Qc3 Qb7 20. Nxc6 Qxc6 21. Qxc6 Bxc6 22. g4 f6 23. exf6 Bxf6 24. Rad1 Bb2 25. Rxd8 Rxd8 26. Rb1 Bc3 27. Kf2 Bd5 28. Rd1 Rc8 29. Bc5 Bb2 30. Ke3 Kf7 31. f5 gxf5 32. gxf5 Bxa3 33. fxe6+ Kxe6 34. Bg4+ Ke5 35. Bxc8 Bb2 36. Bd4+ Bxd4+ 37. Rxd4 Bc6 38. Bxa6 1-0


[Site "https://www.chess.com"]

[Event "Titled Tuesday Blitz June 8 2021"]
[White "Esipenko, Andrey"]
[Black "Ibrahimli, Murad"]
[WhiteFideId "24175439"]
[BlackFideId "13410229"]
[WhiteElo "2595"]
[BlackElo "2109"]
[Result "1-0"]
[Round "09"]
[TimeControl "180+1"]
[Date "2021.06.08"]
[WhiteClock "0:01:10"]
[BlackClock "0:00:18"]

1. e4 c5 2. Nf3 d6 3. Bb5+ Bd7 4. c4 Nf6 5. Nc3 g6 6. d4 cxd4 7. Nxd4 Bg7 8. f3 O-O 9. Bxd7 Qxd7 10. Be3 Nc6 11. O-O Rac8 12. b3 Rfd8 13. Qd2 e6 14. Rad1 d5 15. cxd5 exd5 16. Nxc6 bxc6 17. e5 Ne8 18. f4 f6 19. Ne4 fxe5 20. fxe5 Bxe5 21. Bg5 Qc7 22. Bxd8 Rxd8 23. Kh1 Bxh2 24. Qh6 Bd6 25. Ng5 Qg7 26. Qh3 h5 27. Qe6+ Kh8 28. Rf7 1-0


[Site "https://www.chess.com"]

[Event "Titled Tuesday Blitz June 8 2021"]
[White "Gavrilescu, David"]
[Black "Priasmoro, Novendra"]
[WhiteFideId "1227190"]
[BlackFideId "7105029"]
[WhiteElo "2370"]
[BlackElo "2309"]
[Result "1-0"]
[Round "09"]
[TimeControl "180+1"]
[Date "2021.06.08"]
[WhiteClock "0:00:27"]
[BlackClock "0:00:03"]

1. e4 c5 2. Nf3 Nc6 3. Bb5 g6 4. O-O Bg7 5. Nc3 e5 6. a3 Nge7 7. b4 d6 8. bxc5 dxc5 9. d3 O-O 10. Bc4 h6 11. h3 Kh7 12. a4 b6 13. Re1 Bb7 14. Nd5 Nc8 15. Bd2 Nd6 16. Ba2 f5 17. Bc3 Nd4 18. Bxd4 cxd4 19. c4 dxc3 20. Nxc3 Rc8 21. Nd5 Rc5 22. Nd2 h5 23. Rc1 Qc8 24. Rxc5 Qxc5 25. Nf3 Bh6 26. Qb1 fxe4 27. dxe4 Qa3 28. Nxe5 Qxa4 29. Nf3 Qb5 30. Qa1 Bg7 31. Ng5+ Kh8 32. Qd1 Qc5 33. Re2 Ba6 34. Rc2 Qa3 35. Ne7 Rf6 36. e5 Ne8 37. exf6 Bxf6 38. Nxg6+ Kg7 39. Qxh5 1-0


[Site "https://www.chess.com"]

[Event "Titled Tuesday Blitz June 8 2021"]
[White "Harutjunyan, Gevorg"]
[Black "Grandelius, Nils"]
[WhiteFideId "13300873"]
[BlackFideId "1710400"]
[WhiteElo "2498"]
[BlackElo "2651"]
[Result "0-1"]
[Round "09"]
[TimeControl "180+1"]
[Date "2021.06.08"]
[WhiteClock "0:00:13"]
[BlackClock "0:00:31"]

1. e4 e5 2. Nf3 Nc6 3. d4 exd4 4. Nxd4 Qf6 5. Nxc6 dxc6 6. Bc4 Bd6 7. Nd2 Qg6 8. Qf3 Nf6 9. h3 Nd7 10. Bb3 Ne5 11. Qe3 Qxg2 12. Rf1 Bxh3 13. f4 Ng4 14. Qf3 Bc5 15. e5 Rd8 16. Ne4 Bf2+ 17. Rxf2 Qg1+ 18. Rf1 Bxf1 19. Qg3 Bg2+ 0-1


[Site "https://www.chess.com"]

[Event "Titled Tuesday Blitz June 8 2021"]
[White "Holt, Conrad"]
[Black "Kollars, Dmitrij"]
[WhiteFideId "2034387"]
[BlackFideId "12909572"]
[WhiteElo "2586"]
[BlackElo "2576"]
[Result "0-1"]
[Round "09"]
[TimeControl "180+1"]
[Date "2021.06.08"]
[WhiteClock "0:00:01"]
[BlackClock "0:00:09"]

1. d4 Nf6 2. c4 e6 3. Nc3 Bb4 4. Qc2 O-O 5. e4 d6 6. a3 Bxc3+ 7. bxc3 c5 8. e5 dxe5 9. dxe5 Nfd7 10. Nf3 Nc6 11. Bf4 Qc7 12. Be2 Ndxe5 13. Nxe5 Nxe5 14. Bg3 Bd7 15. O-O f6 16. Bd3 h6 17. Rfe1 Bc6 18. Be4 Rad8 19. Bxc6 Qxc6 20. Bxe5 fxe5 21. Rxe5 Qd6 22. Rae1 Qd2 23. Qxd2 Rxd2 24. f3 Rc2 25. Rxc5 Rd8 26. Kh1 Rdd2 27. Rg1 Rxc3 28. Rc8+ Kh7 29. Rc7 Rb2 30. h4 Rxa3 31. Kh2 Rc3 32. Kg3 Rcc2 33. Kh3 a5 34. Ra1 b6 35. c5 bxc5 36. Rxa5 Rxg2 37. Raxc5 Rh2+ 38. Kg3 Rbg2+ 39. Kf4 Rxh4+ 40. Ke3 Rh1 41. Re7 Re1+ 42. Kd3 Rf2 43. Rf7 Rg2 44. Rc6 Rg6 45. Rf8 Rf6 46. Kd2 Rxf8 47. Kxe1 Rxf3 48. Rxe6 Rf6 49. Re5 g5 50. Ke2 Kg6 51. Re8 h5 52. Rg8+ Kf5 53. Kf3 h4 54. Rg7 Rb6 55. Rf7+ Kg6 56. Rc7 Rb3+ 57. Kg2 Kh5 58. Rc5 h3+ 59. Kh2 Kh4 60. Rc8 Rb2+ 61. Kh1 g4 62. Rc4 Rf2 63. Rd4 Re2 64. Kg1 Rb2 65. Kh1 Kg3 66. Rd3+ Kf4 67. Rd4+ Kf3 68. Rd3+ Ke4 69. Ra3 Re2 70. Kg1 Kf4 0-1


[Site "https://www.chess.com"]

[Event "Titled Tuesday Blitz June 8 2021"]
[White "Ibarra Jerez, Jose Carlos"]
[Black "Arabidze, Meri"]
[WhiteFideId "2226332"]
[BlackFideId "13604040"]
[WhiteElo "2602"]
[BlackElo "2432"]
[Result "1-0"]
[Round "09"]
[TimeControl "180+1"]
[Date "2021.06.08"]
[WhiteClock "0:00:05"]
[BlackClock "0:00:08"]

1. e4 c5 2. Nc3 Nc6 3. Nf3 e6 4. d4 cxd4 5. Nxd4 a6 6. g3 Nf6 7. Bg2 Qc7 8. O-O Bc5 9. Nxc6 dxc6 10. e5 Qxe5 11. Bf4 Qd4 12. Qe2 Be7 13. Rad1 Qb6 14. Na4 Qa5 15. b3 O-O 16. c4 Nd7 17. Bd6 Bxd6 18. Rxd6 Nc5 19. Qe5 Nxb3 20. Qxa5 Nxa5 21. Nb6 Rb8 22. Re1 e5 23. Rxe5 Be6 24. Rxa5 Rbd8 25. Rxd8 Rxd8 26. Bf3 Rd2 27. Kg2 g6 28. Ra3 Kg7 29. h4 h5 30. Ra4 Rc2 31. a3 Rc3 32. Ra5 Bxc4 33. Nxc4 Rxc4 34. Re5 Kf6 35. Re8 Rc3 36. Rb8 b5 37. Rb6 Rxa3 38. Rxc6+ Ke5 39. Rc7 Ke6 40. Rb7 Ra1 41. Bc6 f6 42. Be8 Kf5 43. Re7 g5 44. Bxh5 gxh4 45. gxh4 Ra4 46. Kg3 b4 47. Rb7 a5 48. Bg4+ Ke5 49. h5 Ra1 50. h6 Rh1 51. Bh3 Rg1+ 52. Bg2 Rd1 53. Rb5+ Kd4 54. Rd5+ 1-0


[Site "https://www.chess.com"]

[Event "Titled Tuesday Blitz June 8 2021"]
[White "Ivanisevic, Ivan"]
[Black "Ivic, Velimir"]
[WhiteFideId "912417"]
[BlackFideId "950122"]
[WhiteElo "2499"]
[BlackElo "2509"]
[Result "0-1"]
[Round "09"]
[TimeControl "180+1"]
[Date "2021.06.08"]
[WhiteClock "0:00:07"]
[BlackClock "0:00:04"]

1. d4 Nf6 2. c4 g6 3. Nc3 d5 4. Nf3 Bg7 5. Qb3 dxc4 6. Qxc4 Be6 7. Qb5+ Bd7 8. Qxb7 Nc6 9. Qb3 Rb8 10. Qd1 Bf5 11. a3 O-O 12. Qa4 Qd6 13. e3 e5 14. Bb5 exd4 15. exd4 Bd7 16. O-O a6 17. Be2 Ng4 18. Ne4 Qd5 19. Nc5 Nxd4 20. Nxd7 Nxe2+ 21. Kh1 Rfd8 22. Qxg4 Qxd7 23. Qh4 Nxc1 24. Raxc1 Rxb2 25. h3 h6 26. Rfe1 Re8 27. Rxe8+ Qxe8 28. Rxc7 Rb1+ 29. Kh2 Be5+ 30. Nxe5 Qxe5+ 31. Qg3 Qxg3+ 32. fxg3 Rb3 33. a4 Rb4 34. a5 Rb5 35. Ra7 Rxa5 36. g4 Ra3 37. Kg1 Ra2 38. Kh2 Kg7 39. Kg3 a5 40. Kf3 a4 41. Kg3 a3 42. Kf3 Ra1 43. Kg3 Kf6 44. Kh2 Ke6 45. Kg3 Kd5 46. Rxf7 Kc4 47. Rf6 Rd1 48. Rxg6 a2 49. Ra6 a1=Q 50. Rxa1 Rxa1 51. g5 hxg5 52. Kg4 Rg1 53. Kxg5 Rxg2+ 54. Kf5 Rh2 55. Kg4 Kd5 56. h4 Ke6 57. Kg5 Kf7 0-1


[Site "https://www.chess.com"]

[Event "Titled Tuesday Blitz June 8 2021"]
[White "Jobava, Baadur"]
[Black "Vidit, Santosh Gujrathi"]
[WhiteFideId "13601520"]
[BlackFideId "5029465"]
[WhiteElo "2748"]
[BlackElo "2735"]
[Result "1/2-1/2"]
[Round "09"]
[TimeControl "180+1"]
[Date "2021.06.08"]
[WhiteClock "0:00:26"]
[BlackClock "0:00:03"]

1. d4 Nf6 2. Bg5 d5 3. e3 c5 4. dxc5 e6 5. c4 Qa5+ 6. Qd2 Qxd2+ 7. Nxd2 dxc4 8. Rc1 Bxc5 9. Bxc4 Nbd7 10. Ngf3 h6 11. Bxf6 gxf6 12. Bb5 Bb6 13. Ke2 Ke7 14. Rhd1 Rd8 15. g4 a6 16. Bc4 Ba7 17. Ne4 b5 18. Bd3 Bb7 19. Rc7 Rab8 20. Nd4 Bxd4 21. exd4 Rdc8 22. Rdc1 Rxc7 23. Rxc7 Kd8 24. Rc3 Ke7 25. b4 Rc8 26. Nc5 Nb6 27. Ra3 Rc7 28. Nxb7 Rxb7 29. Rxa6 Nd5 30. a3 Rd7 31. Kd2 Nf4 32. Bxb5 Rxd4+ 33. Kc3 Re4 34. Ra7+ Kd6 35. Rxf7 Nd5+ 36. Kb3 Rxg4 37. Rd7+ Ke5 38. Bc6 Rf4 39. Bxd5 exd5 40. b5 Rf3+ 41. Kb4 Rxf2 42. a4 Kd4 43. b6 Rb2+ 44. Ka5 f5 45. Ka6 f4 46. a5 f3 47. b7 f2 48. Rf7 Ke3 49. Ka7 d4 50. b8=Q Rxb8 51. Kxb8 d3 52. a6 d2 53. Re7+ Kf4 54. Rf7+ Ke3 55. a7 d1=Q 56. a8=Q Qd8+ 57. Ka7 Qxa8+ 58. Kxa8 Ke2 59. Re7+ Kf1 60. Re6 Kg2 61. Rg6+ Kxh2 62. Rxh6+ Kg2 63. Rg6+ Kh2 64. Rf6 Kg2 65. Rxf2+ Kxf2 1/2-1/2


[Site "https://www.chess.com"]

[Event "Titled Tuesday Blitz June 8 2021"]
[White "Jones, Gawain C B"]
[Black "Kretov, Evgenij"]
[WhiteFideId "409561"]
[BlackFideId "4167821"]
[WhiteElo "2657"]
[BlackElo "2400"]
[Result "1-0"]
[Round "09"]
[TimeControl "180+1"]
[Date "2021.06.08"]
[WhiteClock "0:00:06"]
[BlackClock "0:00:09"]

1. a3 Nf6 2. c4 c5 3. b4 cxb4 4. axb4 e6 5. b5 d5 6. e3 dxc4 7. Bxc4 Nbd7 8. Bb2 Nb6 9. Be2 Be7 10. Nf3 O-O 11. Nc3 Bd7 12. O-O Qb8 13. Qb3 Rc8 14. Na4 Nxa4 15. Rxa4 a6 16. Be5 Bd6 17. Bxf6 gxf6 18. Rg4+ Kh8 19. Rh4 Rg8 20. b6 Bc6 21. Qc3 Rg6 22. Bd3 Be5 23. Qc4 Bd5 24. Qc2 f5 25. e4 Qg8 26. exd5 Rxg2+ 27. Kh1 Rc8 28. Qxc8 Qxc8 29. Kxg2 Bf6 30. Rc4 Qg8+ 31. Kh1 e5 32. Rg1 Qd8 33. Bxf5 Qxd5 34. Rc8+ Bd8 35. Rg3 e4 36. Bxe4 Qd7 37. Bxb7 h5 38. Kg1 h4 39. Rg5 Kh7 40. Be4+ Kh6 41. b7 Bxg5 42. b8=Q Qg4+ 43. Kf1 Qxe4 44. Rh8+ Kg6 45. Rg8+ Kh5 46. Rxg5+ Kh6 47. Qf8+ Kh7 48. Qg7# 1-0


[Site "https://www.chess.com"]